 Dungeon Crawl Stone Soup version 0.30.0-12-gd5a94ecb5d (webtiles) character file.

Game seed: 15623143227901752486

106 Thargor the Trooper (level 4, 0/29 HPs)
             Began as a Gargoyle Fighter on May 17, 2023.
             Killed by divine providence
             ... invoked by an orc priest
              (14 damage)
             ... on level 3 of the Dungeon.
             The game lasted 00:04:16 (1825 turns).

Thargor the Trooper (Gargoyle Fighter)              Turns: 1825, Time: 00:04:17

Health: 0/29       AC: 15    Str: 20    XL:     4   Next: 84%
Magic:  4/4        EV:  7    Int: 10    God:
Gold:   167        SH:  8    Dex:  9    Spells: 3/3 levels left

rFire   . . .        a - +0 flail
rCold   . . .        n - +0 kite shield
rNeg    + . .        o - +0 chain mail
rPois   ∞            c - +2 hat
rElec   +            (no cloak)
rCorr   .            (no gloves)
SInv    .            (no boots)
Will    .....        (no amulet) Stlth
                     (no ring)
HPRegen 0.24/turn    (no ring)
MPRegen 0.09/turn

%: no passive effects
@: no status effects
A: sickness immunity, AC +3, negative energy resistance 1, electricity
resistance, torment resistance 1, petrification resistance
a: no special abilities


You were on level 3 of the Dungeon.
You visited 1 branch of the dungeon, and saw 3 of its levels.

You collected 167 gold pieces.

Inventory:

Hand Weapons
 a - a +0 flail (weapon)
Armour
 c - a +2 hat (worn)
 n - a +0 kite shield (worn)
 o - a +0 chain mail (worn)
Scrolls
 b - a scroll of fear {unknown}
 e - a scroll of poison {unknown}
 f - a scroll of noise {unknown}
 g - 2 scrolls of silence
 l - a scroll of identify {unknown}
 p - 2 scrolls of teleportation {unknown}
Potions
 d - a potion of might
 h - 3 potions of heal wounds {unknown}
 i - a potion of flight {unknown}
 j - 4 potions of curing {unknown}
 k - a potion of brilliance {unknown}
 m - a potion of invisibility {unknown}
 q - a potion of attraction {unknown}


   Skills:
 + Level 4.0 Fighting
 + Level 2.8 Maces & Flails
 + Level 4.0 Armour
 + Level 1.2 Dodging
 + Level 3.9 Shields


You had 3 spell levels left.
You didn't know any spells.
Your spell library contained the following spells:

 Spells                   Type           Power      Damage    Failure   Level
 Kiss of Death            Conj/Necr      0%         2d5       100%        1
 Confusing Touch          Hex            0%         N/A       100%        3
 Dispel Undead            Necr           0%         3d6       100%        4
 Summon Lightning Spire   Summ/Air       0%         N/A       100%        4
 Storm Form               Tmut/Air       0%         N/A       100%        7
 Maxwell's Capacitive Co  Air            0%         ∞         100%        8


Dungeon Overview and Level Annotations

Branches:
Dungeon (3/15)

Altars:
Ashenzari


Innate Abilities, Weirdness & Mutations

You are immune to sickness and miasma.
Your stone body is resilient. (AC +3)
You are immune to poison.
You resist negative energy. (rN+)
You are resistant to electric shocks. (rElec)
You are resistant to unholy torment.
You are immune to petrification.


Message History

Found a scale mail.
q - a smoky purple potion An orc comes into view.
It is wielding a +0 hand axe.
The orc shouts!
You hear a shout!
An orc comes into view. It is wielding a +0 morningstar.
You see here a book of the Sky.
You pick up a book of the Sky and begin reading...
You add the spells Summon Lightning Spire, Storm Form and Maxwell's Capacitive Coupling to your library.
You barely miss the orc. The orc hits you but does no damage.
You closely miss the orc.
An orc priest comes into view. It is wielding a +0 dagger.
You block the orc's attack.
You sock the orc!
You kill the orc!
The orc hits you but does no damage. The orc hits you but does no damage.
You block the orc's attack.
You sock the orc!
You kill the orc!
Your Fighting skill increases to level 4!
Your Armour skill increases to level 4!
The orc priest calls down the wrath of Beogh upon you.
Beogh smites you!
Ouch! That really hurt!
You hit the orc priest.
The orc priest is moderately wounded.
The orc priest hits you but does no damage.
You block the orc priest's attack.
You thump the orc priest!
The orc priest is almost dead.
The orc priest hits you but does no damage.
You hit the orc priest but do no damage.
The orc priest is almost dead.
The orc priest hits you with a +0 dagger.
The orc priest completely misses you.
You barely miss the orc priest.
The orc priest is almost dead.
The orc priest invokes the aid of Beogh against you.
Beogh smites you!
You die...

##.########### #.#
###.# ...# #..#
#############
####..####............
#.......#####......###
#.##.)###..........#
#)@..#.###.###..###
#o##.#.#...###.....
#.##.#.#....##....#
#.##......_.†....##
#.###..##....#.### #.#
#..###...#.# #.# #..#
#.###.# ..
#..........#
#......#####


You could see an orc priest.

Vanquished Creatures
  5 adders
  A dart slug (D:2)
  2 orcs (D:3)
  4 ball pythons
  3 bats
  10 endoplasms
  3 giant cockroaches
  4 goblins
  3 hobgoblins (D:1)
  7 jackals (D:2)
  2 kobolds (D:2)
  4 frilled lizards
  5 rats
53 creatures vanquished.

Notes
Turn   | Place    | Note
-------+----------+-------------------------------------------
     0 | D:1      | Thargor the Gargoyle Fighter began the quest for the Orb.
     0 | D:1      | Reached XP level 1. HP: 14/14 MP: 1/1
   208 | D:1      | Reached XP level 2. HP: 19/19 MP: 2/2
   542 | D:1      | Reached XP level 3. HP: 20/23 MP: 3/3
   947 | D:2      | Found a faded altar of an unknown god.
  1045 | D:2      | Reached skill level 1 in Dodging
  1045 | D:2      | Reached XP level 4. HP: 26/29 MP: 4/4
  1753 | D:3      | Found a broken altar of Ashenzari.
  1825 | D:3      | Killed from afar by an orc priest

Illustrated notes

Levels and vault maps discovered:
D:1:      dpeg_cavernosity, layout_basic
D:2:      layout_basic, hellmonk_ecumenical_altar_arch_garden
D:3:      layout_loops_ring, nicolae_overflow_crystal_walls

Skill      XL: |  1  2  3  4 |
---------------+-------------+-----
Dodging        | 1 |  1.2
Fighting       | 4 |  4.0
Armour         | 4 |  4.0
Maces & Flails | |  2.8
Shields        | |  3.9

Action                     |  1- 3 |  4- 6 || total
---------------------------+-------+-------++-------
  Melee: Flail             |   112 |    69 ||   181
    Use: Scroll            |       |     1 ||     1
 Armour: Scale mail        |    62 |    19 ||    81
         Chain mail        |       |    21 ||    21
  Dodge: Dodged            |    63 |    17 ||    80
  Block: Buckler           |    25 |     8 ||    33
         Kite shield       |       |    15 ||    15
